 Dungeon Crawl Stone Soup version 0.22-a0-539-gfbd9004e3f (webtiles) character file.

15432 MirrMurr the Covert (level 12, -8/115 HPs)
             Began as a Kobold Berserker on June 24, 2018.
             Was a High Priest of Trog.
             Mangled by a black mamba (14 damage)
             ... on level 1 of the Lair of Beasts.
             The game lasted 00:33:14 (12667 turns).

MirrMurr the Covert (Kobold Berserker)             Turns: 12667, Time: 00:33:15

Health: -8/115     AC: 17    Str: 24    XL:     12   Next: 57%
Magic:  12/12      EV: 14    Int:  8    God:    Trog [*****.]
Gold:   740        SH: 11    Dex: 15    Spells: 11/11 levels left

rFire    . . .     SeeInvis .   a - +0 morningstar (freeze)
rCold    . . .     Gourm    .   P - +0 shield {AC+3}
rNeg     . . .     Faith    .   M - +0 chain mail (curse)
rPois    .         Spirit   .   (no helmet)
rElec    .         Reflect  .   o - +2 cloak
rCorr    .         Harm     .   (no gloves)
MR       .....                  (no boots)
Stlth    ..........             h - amulet of regeneration
HPRegen  0.69/turn              x - +3 ring of protection
MPRegen  0.13/turn              (no ring)

@: berserking, lethally poisoned (-8 -> -17), very quick
A: small, carnivore
a: Berserk, Trog's Hand, Brothers in Arms, Renounce Religion


You were on level 1 of the Lair of Beasts.
You worshipped Trog.
Trog was extremely pleased with you.
You were very full.

You visited 3 branches of the dungeon, and saw 13 of its levels.
You also visited: Ossuary.

You collected 740 gold pieces.

Inventory:

Hand Weapons
 a - a +0 morningstar of freezing (weapon)
 b - a +0 hand crossbow
 q - a +0 blowgun
 w - a +0 dagger
Missiles
 d - 280 stones
 m - 11 tomahawks (quivered)
 n - 17 poisoned needles
 p - 23 bolts
 J - 7 curare-tipped needles
 Q - 2 throwing nets
Armour
 o - a +2 cloak (worn)
 M - a cursed +0 chain mail (worn)
 P - a +0 shield of protection (worn)
Jewellery
 h - an amulet of regeneration (around neck)
 i - an uncursed ring of ice
 x - a +3 ring of protection (left hand)
 E - a cursed ring of teleportation {unknown}
 H - the amulet of Wu Jian's Envy {+Rage Dex+5, unknown}
   (You found it on level 11 of the Dungeon)

   [amulet of rage]

   It affects your dexterity (+5).
   It lets you go berserk.
Wands
 e - a wand of enslavement (9)
 s - a wand of digging (12)
 F - a wand of random effects (28)
 I - a wand of paralysis (12)
 K - a wand of acid (12)
 L - a wand of polymorph (25)
Scrolls
 f - 3 scrolls of enchant weapon
 r - 3 scrolls of remove curse
 u - 2 scrolls of enchant armour
 v - 4 scrolls of teleportation
 y - a scroll of fear
 C - 2 scrolls of magic mapping
 O - 2 scrolls of identify
Potions
 j - 2 potions of brilliance {unknown}
 k - a potion of resistance
 l - a potion of lignification
 t - a potion of cancellation
 z - 6 potions of curing
 A - 2 potions of heal wounds
 B - 2 potions of flight
 D - a potion of agility {unknown}
 G - a potion of haste {unknown}
 N - a potion of ambrosia {unknown}
Miscellaneous
 T - a box of beasts
Comestibles
 c - 29 rations
 g - a chunk of flesh


   Skills:
 + Level 9.6 Fighting
 * Level 11.1 Maces & Flails
 + Level 1.2 Crossbows
 - Level 1.5 Armour
 + Level 10.1 Dodging
 + Level 11.4 Stealth
 + Level 5.5 Shields


You had 11 spell levels left.
You didn't know any spells.
Your spell library was empty.

Dungeon Overview and Level Annotations

Branches:
Dungeon (11/15)            Temple (1/1) D:7            Lair (1/6) D:9
    Orc (0/2) D:11

Altars:
Elyvilon
Fedhas
Kikubaaqudgha
Makhleb
Ru
Vehumet
Xom
Zin
The Shining One
Beogh

Shops:
D:10 !

Annotations:
D:3 exclusion: oklob plant
D:9 3 runed doors loot woth ghosts?, Banto's ghost, novice MiBe; TheWayOfAllFlesh's ghost, novice GnSk; levstk's ghost, novice GrFi
D:11 Gastronok


Innate Abilities, Weirdness & Mutations

You are small and have problems with some larger weapons.
You are carnivorous and can eat meat at any time.


Message History

The black mamba is lightly wounded.
You feel sick. The black mamba barely misses you.
You block the black mamba's attack.
You thump the black mamba! You freeze the black mamba.
The black mamba is severely wounded.
You feel sick. You block the black mamba's attack.
You barely miss the black mamba.
The black mamba is severely wounded.
You feel sick. The black mamba bites you.
* * * LOW HITPOINT WARNING * * *
You miss the black mamba.
The black mamba is severely wounded.
You feel sick. The black mamba bites you.
* * * LOW HITPOINT WARNING * * *
You block the black mamba's attack.
Your chain mail prevents you from hitting the black mamba.
The black mamba is severely wounded.
* * * LOW HITPOINT WARNING * * *
You feel sick. The black mamba bites you!
You die...

......(.(.# ........(# ........#
.....(. ..... ..( #S## ### #@.#
###.# ########.###### ### ....#
##..........P#.#####P#####
....####.............#...........
.....##.#..........#.............
....##.............#........รท....
.......##..........###...........
....########P##.#### ####...#.##P
#.### ####.# ##..#####


You could see a black mamba.

Vanquished Creatures
  The ghost of Zoef Hif the Wallflower, a journeyman GrFi of Uskayaw (Lair:1)
  A hydra (Lair:1)
  Harold (D:11)
  6 two-headed ogres
  A manticore (D:11)
  An ugly thing (D:11)
  A gargoyle (D:10)
  2 komodo dragons (Lair:1)
  A rime drake (Lair:1)
  A troll (D:9)
  4 hippogriffs
  A spriggan (D:9)
  A shadow (D:11)
  A wyvern (D:8)
  An acid dragon (D:11)
  2 wargs (D:9)
  Duvessa (D:6)
  2 water moccasins
  A porcupine (Lair:1)
  3 ice beasts
  2 orc warriors
  A black bear (D:8)
  2 sky beasts
  2 phantoms
  8 ogres
  5 centaurs
  A crocodile (Lair:1)
  2 elf zombies (Ossuary)
  7 bullfrogs
  A big kobold (D:11)
  Dowan (D:6)
  A scorpion (D:8)
  8 killer bees
  A bullfrog zombie (D:6)
  3 crimson imps
  5 centaur zombies (Ossuary)
  5 human zombies (Ossuary)
  2 jellies
  Crazy Yiuf (D:2)
  5 hounds
  A quasit (D:6)
  8 orc priests
  7 orc wizards
  2 bullfrog skeletons
  5 centaur skeletons
  4 iguanas
  12 worker ants
  A hound zombie (D:6)
  2 hound skeletons
  3 mummies (Ossuary)
  2 howler monkey zombies
  10 adders
  2 shadow imps
  2 oozes
  An adder zombie (D:9)
  4 worms
  6 dart slugs
  6 leopard geckos
  36 orcs
  2 ball pythons
  8 bats
  2 giant cockroaches (D:2)
  9 goblins
  8 hobgoblins
  10 jackals
  7 kobolds
  7 quokkas
  6 frilled lizards
  A giant cockroach zombie (D:5)
  A quokka skeleton (D:5)
  6 rats
277 creatures vanquished.

Vanquished Creatures (collateral kills)
  A scorpion (D:8)
1 creature vanquished.

Vanquished Creatures (others)
  An orc warrior (D:6)
  A bullfrog (D:6)
  2 killer bees (D:6)
  A hound (D:6)
  A worker ant (D:6)
  An orc (D:6)
  2 withered plants (D:9)
9 creatures vanquished.

Grand Total: 287 creatures vanquished

Notes
Turn   | Place    | Note
-------+----------+-------------------------------------------
     0 | D:1      | MirrMurr the Kobold Berserker began the quest for the Orb.
     0 | D:1      | Reached XP level 1. HP: 14/14 MP: 1/1
    78 | D:1      | Reached XP level 2. HP: 17/19 MP: 2/2
   118 | D:1      | Reached skill level 1 in Stealth
   510 | D:1      | Reached XP level 3. HP: 8/23 MP: 3/3
  1391 | D:2      | Reached XP level 4. HP: 29/29 MP: 4/4
  1701 | D:2      | Noticed a bullfrog
  1715 | D:2      | Killed a bullfrog
  1715 | D:2      | Reached XP level 5. HP: 22/33 MP: 5/5
  1721 | D:2      | Reached ** piety under Trog
  2133 | D:2      | Found a sacrificial altar of Ru.
  2136 | D:2      | Found a white marble altar of Elyvilon.
  2139 | D:2      | Found a radiant altar of Vehumet.
  2180 | D:2      | Found a runed door.
  2184 | D:2      | Noticed Crazy Yiuf
  2189 | D:2      | Killed Crazy Yiuf
  2189 | D:2      | Reached XP level 6. HP: 38/38 MP: 6/6
  2942 | D:3      | Found a blossoming altar of Fedhas.
  2961 | D:3      | Noticed an oklob plant
  3256 | D:4      | Found a sand-covered staircase.
  3262 | Ossuary  | Entered an ossuary
  3300 | Ossuary  | Reached XP level 7. HP: 44/44 MP: 7/7
  3328 | Ossuary  | Reached *** piety under Trog
  3409 | Ossuary  | Reached skill level 5 in Maces & Flails
  3458 | Ossuary  | Reached skill level 5 in Fighting
  3510 | Ossuary  | Reached XP level 8. HP: 43/49 MP: 8/8
  3516 | Ossuary  | Reached skill level 5 in Dodging
  3516 | Ossuary  | Reached skill level 5 in Stealth
  3914 | D:4      | Found a glowing silver altar of Zin.
  4212 | D:4      | Found a glowing golden altar of the Shining One.
  4470 | D:5      | Entered Level 5 of the Dungeon
  4524 | D:5      | Found a burning altar of Makhleb.
  4524 | D:5      | Noticed a cacodemon
  4527 | D:5      | Noticed an orange demon
  4527 | D:5      | Noticed an orange demon
  4863 | D:5      | Found an ancient bone altar of Kikubaaqudgha.
  4874 | D:5      | Reached **** piety under Trog
  5320 | D:6      | Noticed Duvessa
  5320 | D:6      | Noticed Dowan
  5482 | D:6      | Killed Duvessa
  5513 | D:6      | Killed Dowan
  5513 | D:6      | Reached XP level 9. HP: 24/55 MP: 9/9
  5738 | D:6      | Noticed a hippogriff
  5760 | D:6      | Killed a hippogriff
  5868 | D:6      | Reached skill level 1 in Shields
  6026 | D:6      | Found a shimmering altar of Xom.
  6704 | D:7      | Found a staircase to the Ecumenical Temple.
  6713 | Temple   | Entered the Ecumenical Temple
  7383 | D:7      | Noticed a hippogriff
  7401 | D:7      | Killed a hippogriff
  7490 | D:8      | Reached XP level 10. HP: 60/63 MP: 10/10
  8729 | D:9      | Noticed a two-headed ogre
  8750 | D:9      | Killed a two-headed ogre
  8966 | D:9      | Found a staircase to the Lair.
  9221 | D:9      | Reached XP level 11. HP: 56/68 MP: 11/11
  9430 | D:9      | Found a runed gate.
  9431 | D:9      | Found a runed gate.
  9433 | D:9      | Found a runed gate.
  9433 | D:9      | Noticed Banto's ghost (novice MiBe)
  9434 | D:9      | Noticed levstk's ghost (novice GrFi)
  9434 | D:9      | Noticed TheWayOfAllFlesh's ghost (novice GnSk)
  9606 | D:10     | Entered Level 10 of the Dungeon
  9824 | D:10     | Found Umups's Distillery.
 10276 | D:10     | Noticed a two-headed ogre
 10287 | D:10     | Killed a two-headed ogre
 10287 | D:10     | Reached skill level 10 in Stealth
 10374 | D:10     | Noticed a two-headed ogre
 10386 | D:10     | Killed a two-headed ogre
 10432 | D:10     | Noticed a two-headed ogre
 10446 | D:10     | Killed a two-headed ogre
 10446 | D:10     | Reached skill level 10 in Maces & Flails
 10625 | D:11     | Noticed Harold
 10658 | D:11     | Killed Harold
 10658 | D:11     | Reached ***** piety under Trog
 10749 | D:11     | Found a staircase to the Orcish Mines.
 10753 | D:11     | Found a roughly hewn altar of Beogh.
 10895 | D:11     | Noticed a white ugly thing
 10909 | D:11     | Killed a white ugly thing
 11095 | D:11     | Noticed a two-headed ogre
 11111 | D:11     | HP: 1/71 [two-headed ogre/dire flail (15)]
 11115 | D:11     | Killed a two-headed ogre
 11115 | D:11     | Reached XP level 12. HP: 1/76 MP: 12/12
 11384 | D:11     | Got a heavily runed crystal amulet
 11387 | D:11     | Noticed Gastronok
 11662 | D:11     | Reached skill level 5 in Shields
 11723 | D:11     | Noticed a two-headed ogre
 11839 | D:11     | Noticed a two-headed ogre
 11857 | D:11     | Killed a two-headed ogre
 12200 | Lair:1   | Entered Level 1 of the Lair of Beasts
 12256 | Lair:1   | Found a runed door.
 12256 | Lair:1   | Noticed Zoef Hif's ghost (journeyman GrFi)
 12282 | Lair:1   | Killed Zoef Hif's ghost
 12282 | Lair:1   | Reached skill level 10 in Dodging
 12632 | Lair:1   | Noticed a five-headed hydra
 12645 | Lair:1   | Killed a five-headed hydra
 12645 | Lair:1   | Reached skill level 1 in Crossbows
 12667 | Lair:1   | Mangled by a black mamba

Vault maps used:
D:1:      ncdulo_watergridlock, minmay_misc_feat_secret_circle, st_stairs_3
D:2:      grunt_temple_overflow_diamond, serial_aquarium,
          aquarium_bridge_long_joined, aquarium_window_corner,
          aquarium_window_1, aquarium_view_2f, aquarium_balcony_3b,
          aquarium_pool_S, guppyfry_early_orc_mine, uniq_crazy_yiuf_cottage
D:3:      tgw_fedhas
D:4:      kennysheep_mini_moat, kennysheep_little_box,
          nicolae_ossuary_entry_plus
D:5:      nicolae_overflow_crystal_walls, first_ration,
          makhleb_altar_promises_db
D:6:      xom_confusion_cloud, uniq_duvessa
D:7:      minmay_temple_entry_poolview, nrook_uturn
D:8:      eino_jars
D:9:      erik_lair_orcish_takeover, gammafunk_ghost_cemetery, the_bakery,
          hangedman_decor_peaks_small
D:10:     serial_shops, shop
D:11:     minmay_the_grid_octo_tiled_squarecenter_mashed,
          minmay_orc_entry_temple_small, uniq_gastronok, uniq_harold
Temple:   regret_index_temple_generic_petals
Lair:1:   gammafunk_ghost_grave
Ossuary:  ossuary_minmay_four_chambers

Skill      XL: |  1  2  3  4  5  6  7  8  9 10 11 12 |
---------------+-------------------------------------+-----
Stealth        | 1 2 3 4 6 7 9 10 11 | 11.4
Maces & Flails | 3 4 5 6 7 9 10 11 | 11.1
Dodging        | 3 4 6 7 8 9 10 | 10.1
Fighting       | 4 5 6 7 8 9 |  9.6
Shields        | 2 3 4 5 |  5.5
Crossbows      | 1 |  1.2
Armour         | |  1.5

Action                   |  1- 3 |  4- 6 |  7- 9 | 10-12 || total
-------------------------+-------+-------+-------+-------++-------
Melee: Mace              |    75 |    99 |       |       ||   174
       Flail             |       |    75 |   453 |   119 ||   647
       Morningstar       |       |       |       |   428 ||   428
 Fire: Hunting sling     |       |    62 |   142 |   217 ||   421
       Hand crossbow     |       |       |       |    17 ||    17
Invok: Berserk           |     1 |     1 |     4 |    11 ||    17
       Trog's Hand       |       |       |     3 |     6 ||     9
  Use: Scroll            |       |     9 |    13 |     7 ||    29
       Potion            |       |       |     2 |       ||     2
 Stab: Sleeping          |     2 |     2 |       |       ||     4
  Eat: Chunk             |    11 |     7 |    18 |    30 ||    66
Armor: Animal skin       |     5 |       |       |       ||     5
       Ring mail         |     8 |    31 |       |       ||    39
       Robe              |     2 |       |       |       ||     2
       Scale mail        |       |    18 |    67 |       ||    85
       Chain mail        |       |       |   179 |   211 ||   390
Dodge: Dodged            |    89 |   138 |   228 |   241 ||   696
Block: Shield            |       |       |   131 |   299 ||   430

Table legend:
 A = Spawn XP
 B = Non-spawn XP
 C = Spawn XP percentage of total XP
 D = Spawn monster count
 E = Non-spawn monster count
 F = Spawn count percentage of total count
 G = Total turns spent on level
                    A         B        C        D         E        F      G
               +---------+---------+-------+---------+---------+-------+---------
         Total |       0 |   22047 |   0.0 |       0 |     278 |   0.0 | 12667
               +---------+---------+-------+---------+---------+-------+---------
           D:1 |       0 |      47 |   0.0 |       0 |      20 |   0.0 |  1409
           D:2 |       0 |     241 |   0.0 |       0 |      33 |   0.0 |  1018
           D:3 |       0 |      82 |   0.0 |       0 |      23 |   0.0 |   665
           D:4 |       0 |     360 |   0.0 |       0 |      18 |   0.0 |   999
           D:5 |       0 |     163 |   0.0 |       0 |       9 |   0.0 |   933
           D:6 |       0 |    1632 |   0.0 |       0 |      25 |   0.0 |  1069
           D:7 |       0 |     600 |   0.0 |       0 |       9 |   0.0 |   983
           D:8 |       0 |    1769 |   0.0 |       0 |      29 |   0.0 |  1276
           D:9 |       0 |    2993 |   0.0 |       0 |      27 |   0.0 |  1041
          D:10 |       0 |    4250 |   0.0 |       0 |      28 |   0.0 |   949
          D:11 |       0 |    5561 |   0.0 |       0 |      33 |   0.0 |  1475
        Lair:1 |       0 |    3643 |   0.0 |       0 |       9 |   0.0 |   467
       Ossuary |       0 |     706 |   0.0 |       0 |      15 |   0.0 |   381
               +---------+---------+-------+---------+---------+-------+---------
